 Dungeon Crawl Stone Soup version 0.27-a0-95-g5a9077b8ae (webtiles) character file.

Game seed: 11689275031142824212

32 knot the Chopper (level 3, 20/29 HPs)
             Began as a Demonspawn Berserker on Jan 19, 2021.
             Was a Follower of Trog.
             Quit the game on level 1 of the Dungeon.
             The game lasted 00:00:54 (1124 turns).

knot the Chopper (Demonspawn Berserker)             Turns: 1124, Time: 00:00:55

Health: 20/29      AC:  5    Str: 17    XL:     3   Next: 10%
Magic:  3/3        EV: 11    Int:  9    God:    Trog [*.....]
Gold:   32         SH:  0    Dex: 12    Spells: 2/2 levels left

rFire    . . .     SeeInvis .   a - +0 hand axe
rCold    . . .     Faith    .   (no shield)
rNeg     . . .     Spirit   .   f - +0 ring mail (curse)
rPois    .         Reflect  .   (helmet restricted)
rElec    .         Harm     .   (no cloak)
rCorr    .         Rampage  .   (no gloves)
Will     .....                  (no boots)
Stlth    +.........             (no amulet)
HPRegen  0.09/turn              (no ring)
MPRegen  0.08/turn              (no ring)

@: no status effects
A: horns 1, powered by pain 1
a: Renounce Religion, Berserk


You were on level 1 of the Dungeon.
You worshipped Trog.
Trog was aware of your devotion.
You visited 1 branch of the dungeon, and saw 1 of its levels.

You collected 32 gold pieces.

Inventory:

Hand Weapons
 a - a +0 hand axe (weapon)
Missiles
 g - 33 stones
 h - 10 poisoned darts
Armour
 f - a cursed +0 ring mail (worn)
Scrolls
 b - a scroll of enchant armour {unknown}
 c - a scroll of amnesia {unknown}
 d - 2 scrolls of identify {unknown}
 e - 2 scrolls of fog {unknown}
 i - a scroll of teleportation {unknown}


   Skills:
 - Level 3.0 Fighting
 + Level 3.9 Axes
 - Level 1.7 Armour
 - Level 1.7 Dodging


You had 2 spell levels left.
You didn't know any spells.
Your spell library was empty.

Dungeon Overview and Level Annotations

Branches:
Dungeon (1/15)

Altars:


Innate Abilities, Weirdness & Mutations

You have a pair of small horns on your head.
You sometimes gain a little power by taking damage.


Message History

You barely miss the bat. The bat barely misses you.
You closely miss the bat. You hit the ooze.
The bat hits you but does no damage. The ooze hits you.
The ooze closely misses you.
You hit the ooze. You headbutt the ooze.
The ooze is severely wounded.
The bat barely misses you. The ooze hits you.
You hit the ooze. Your headbutt misses the ooze.
The ooze is almost dead.
The bat hits you but does no damage. The ooze hits you but does no damage.
You barely miss the ooze. You headbutt the ooze.
You kill the ooze!
Trog accepts your kill. The bat closely misses you.
You have reached level 3!
Your experience leads to an increase in your attributes!
Increase (S)trength, (I)ntelligence, or (D)exterity?
You feel clever.
Your demonic ancestry asserts itself...
You feel energised by your suffering.
Are you sure you want to abandon this character and quit the game? (Confirm with "yes".)

#.........# #...... #..>
+.........# #......
#...##.........###......
#.......................
..).#.....##...^...###..
...$...............# #..
.?.....#####.#)....# ###
......†...(#.......#####
#......@.b((...........)
#.....)###.##.######.###
....... #.##..# #.# #
....... ..###.## #.#
....... #### #..# #.#
....... ##.## #.#
....... #..# #.# .......
##.# #.# #####.#


You could see a bat.

Vanquished Creatures
  2 oozes (D:1)
  A bat (D:1)
  2 giant cockroaches (D:1)
  4 goblins (D:1)
  2 hobgoblins (D:1)
  A jackal (D:1)
  A ball python (D:1)
  6 kobolds (D:1)
  3 rats (D:1)
22 creatures vanquished.

Notes
Turn   | Place    | Note
-------+----------+-------------------------------------------
     0 | D:1      | knot the Demonspawn Berserker began the quest for the Orb.
     0 | D:1      | Reached XP level 1. HP: 18/18 MP: 1/1
   158 | D:1      | Gained mutation: You have a pair of small horns on your
                  | head. [demonic ancestry]
   158 | D:1      | Reached XP level 2. HP: 11/24 MP: 2/2
  1124 | D:1      | Gained mutation: You sometimes gain a little power by
                  | taking damage. [demonic ancestry]
  1124 | D:1      | Reached XP level 3. HP: 20/29 MP: 3/3
  1124 | D:1      | Quit the game

Illustrated notes

Levels and vault maps discovered:
D:1:      dpeg_arrival_rooms_with_view, layout_basic

Skill      XL: |  1 |
---------------+----+-----
Axes           | 3 |  3.9
Fighting       | |  3.0
Armour         | |  1.7
Dodging        | |  1.7

Action                   || total
-------------------------++-------
Melee: Hand axe          ||    53
       Headbutt          ||     6
Invok: Berserk           ||     2
  Use: Scroll            ||     1
Armor: Animal skin       ||     2
       Ring mail         ||    19
Dodge: Dodged            ||    38

Table legend: (Time is in decaauts)
 A = Elapsed time spent in this place.
 B = Non-inter-level travel time spent in this place.
 C = Inter-level travel time spent in this place.
 D = Time resting spent in this place.
 E = Time spent auto-exploring this place.
 F = Levels seen in this place.
 G = Mean time per level.
                   A        B        C        D        E       F      G
               +--------+--------+--------+--------+--------+-----+--------+
         Total |   1151 |   1151 |      0 |    566 |    450 |   1 | 1151.0 |
       Dungeon |   1151 |   1151 |      0 |    566 |    450 |   1 | 1151.0 |
               +--------+--------+--------+--------+--------+-----+--------+

Top non-repeatable levels by time:
     D:1: 1151 daAuts
